 Dungeon Sprint DCSS version 0.28.0-43-g3370ac3207 (webtiles) character file.

Game seed: 1200856582629116640

593 boopmooplesden the Fighter (level 7, -16/112 HPs)
             Began as a Minotaur Berserker on Mar 15, 2022.
             Was a Believer of Trog.
             Shot with an arrow by a centaur warrior (22 damage)
             ... in the Dungeon (Sprint I: "Red Sonja").
             The game lasted 00:01:09 (604 turns).

boopmooplesden the Fighter (Minotaur Berserker)      Turns: 604, Time: 00:01:09

Health: -16/112    AC:  6    Str: 22    XL:     7   Next: 16%
Magic:  6/6        EV: 13    Int:  4    God:    Trog [**....]
Gold:   310        SH:  0    Dex: 11    Spells: 6/6 levels left

rFire   . . .      SeeInvis .   k - +0 scythe (vorpal)
rCold   . . .      Faith    .   (shield currently unavailable)
rNeg    . . .      Spirit   .   j - +0 ring mail
rPois   .          Reflect  .   (helmet restricted)
rElec   .          Harm     .   (no cloak)
rCorr   .          Rampage  .   (no gloves)
Will    .....      NoTele   +   (no boots)
Stlth   ..........              (no amulet)
HPRegen 0.28/turn               (no ring)
MPRegen 0.10/turn               (no ring)

@: berserking, very quick
A: horns 2, retaliatory headbutt
a: Renounce Religion, Berserk, Trog's Hand


You were in the Dungeon.
You worshipped Trog.
Trog was pleased with you.
You visited 1 branch You collected 310 gold pieces.

Inventory:

Hand Weapons
 a - a +0 hand axe
 k - a +0 vorpal scythe (weapon)
Armour
 b - a +0 animal skin
 j - a +0 ring mail (worn)
Wands
 i - a wand of iceblast (14)
Scrolls
 h - a scroll of blinking
Potions
 c - a potion of curing
 d - a potion of heal wounds
 e - a potion of haste
 f - 2 potions of magic
 g - a potion of berserk rage


   Skills:
 + Level 11.8 Fighting
 + Level 11.5(11.7) Axes
 + Level 3.6(8.2) Polearms
 + Level 6.8 Armour
 + Level 6.1 Dodging


You had 6 spell levels left.
You didn't know any spells.
Your spell library was empty.

Dungeon Overview and Level Annotations

Branches:
Dungeon (1/1)

Altars:
Cheibriados
Dithmenos
Elyvilon
Fedhas
Gozag
Hepliaklqana
Kikubaaqudgha
Makhleb
Nemelex Xobeh
Okawaru
Qazlal
Ru
Sif Muna
Trog
Uskayaw
Vehumet
Wu Jian
Xom
Yredelemnul
Zin
The Shining One
Jiyva
Lugonu

Shops:
D (


Innate Abilities, Weirdness & Mutations

You have a pair of horns on your head.
You reflexively headbutt those who attack you in melee.


Message History

HP restored.
As you open the door, it creaks loudly! 2 centaur warriors come into view.
The centaur warrior moves out of view. x2
Found 17 gold pieces.
Found a hand axe.
There is an open door here.
You enter the shallow water.
Moving in this stuff is going to be slow.
The centaur warrior shouts! x2
The centaur warrior wields a +0 shortbow.
The centaur warrior shoots an arrow.
The arrow hits you!!
The centaur warrior wields a +0 shortbow.
The centaur warrior shoots an arrow.
The arrow closely misses you.
The centaur warrior shoots an arrow.
The arrow hits you but does no damage.
The centaur warrior shoots an arrow.
The arrow hits you!!
A red film seems to cover your vision as you go berserk!
You feel yourself moving faster!
You feel mighty!
The centaur warrior shoots an arrow.
The arrow misses you.
The centaur warrior shoots an arrow.
The arrow hits you!
The centaur warrior shoots an arrow.
The arrow hits you!
* * * LOW HITPOINT WARNING * * *
You feel a strong urge to attack something.
The centaur warrior unwields a +0 shortbow.
The centaur warrior hits you!
* * * LOW HITPOINT WARNING * * *
The centaur warrior kicks you but does no damage.
The centaur warrior shoots an arrow.
The arrow hits you!
* * * LOW HITPOINT WARNING * * *
You closely miss the centaur warrior.
The centaur warrior hits you but does no damage.
The centaur warrior kicks you.
* * * LOW HITPOINT WARNING * * *
The centaur warrior shoots an arrow.
The arrow barely misses you.
The centaur warrior hits you but does no damage.
The centaur warrior kicks you but does no damage.
You slice the centaur warrior!!
The centaur warrior is severely wounded.
The centaur warrior shoots an arrow.
The arrow hits you!!
You die...

################
#.))..#..'..#__#
'..#..'[.#..'..+
#####'#####'#__####
####..#...#.####§)#
#__####..##[#≈§§@c#
#_____##'#_.§≈§§§§+
#_.∩...†..._#≈§§.c#
#_..__##_.#'##+####
#_____###+#(#
####### ###


You could see 2 centaur warriors.

Vanquished Creatures
  A slime creature (D)
  Sigmund (D)
  A yak (D)
  An ogre (D)
  A jelly (D)
  Ijyb (D)
6 creatures vanquished.

Notes
Turn   | Place    | Note
-------+----------+-------------------------------------------
     0 | D        | boopmooplesden the Minotaur Berserker began the quest for
                  | the Orb.
     0 | D        | Reached XP level 1. HP: 19/19 MP: 0/0
     3 | D        | Noticed Ijyb
    10 | D        | Killed Ijyb
    11 | D        | Reached skill level 5 in Fighting
    11 | D        | Reached skill level 5 in Axes
    11 | D        | Reached XP level 2. HP: 13/29 MP: 1/1
   180 | D        | Noticed an ogre
   184 | D        | Killed an ogre
   185 | D        | Reached XP level 3. HP: 39/39 MP: 2/2
   185 | D        | Reached XP level 4. HP: 47/47 MP: 3/3
   322 | D        | Noticed Sigmund
   327 | D        | Killed Sigmund
   327 | D        | Reached ** piety under Trog
   328 | D        | Reached skill level 5 in Armour
   328 | D        | Reached skill level 5 in Dodging
   328 | D        | Reached XP level 5. HP: 58/58 MP: 4/4
   367 | D        | Found a burning altar of Makhleb.
   367 | D        | Found a viscous altar of Jiyva.
   367 | D        | Found a shimmering altar of Xom.
   367 | D        | Found a corrupted altar of Lugonu.
   367 | D        | Noticed a slime creature
   371 | D        | Killed a slime creature
   372 | D        | Reached XP level 6. HP: 68/68 MP: 5/5
   372 | D        | Found an ornate altar of the Wu Jian Council.
   372 | D        | Found a shimmering blue altar of Sif Muna.
   374 | D        | Found a radiant altar of Vehumet.
   425 | D        | Found Askosuc's Weapon Emporium.
   425 | D        | Found an ancient bone altar of Kikubaaqudgha.
   425 | D        | Found a hazy altar of Hepliaklqana.
   425 | D        | Found a stormy altar of Qazlal.
   425 | D        | Found a hide-covered altar of Uskayaw.
   425 | D        | Found a blossoming altar of Fedhas.
   425 | D        | Found a bloodstained altar of Trog.
   425 | D        | Found an iron altar of Okawaru.
   425 | D        | Found a basalt altar of Yredelemnul.
   425 | D        | Found a glowing golden altar of the Shining One.
   425 | D        | Found a snail-covered altar of Cheibriados.
   425 | D        | Found a sacrificial altar of Ru.
   425 | D        | Found a glowing silver altar of Zin.
   425 | D        | Found a shadowy altar of Dithmenos.
   425 | D        | Found a white marble altar of Elyvilon.
   425 | D        | Noticed a yak
   430 | D        | Killed a yak
   431 | D        | Reached XP level 7. HP: 39/75 MP: 6/6
   431 | D        | Found an opulent altar of Gozag.
   432 | D        | Found a sparkling altar of Nemelex Xobeh.
   596 | D        | Noticed a centaur warrior
   596 | D        | Noticed a centaur warrior
   603 | D        | HP: 5/112 [centaur warrior (2)]
   604 | D        | Shot with an arrow by a centaur warrior

Illustrated notes

Levels and vault maps discovered:
D:        dungeon_sprint_1 [red_sonja_temple_1, red_sonja_temple_small_1]

Skill      XL: |  1  2  3  4  5  6 |
---------------+-------------------+-----
Fighting       | 5 7 9 11 | 11.8
Axes           | 5 7 9 11 | 11.5
Armour         | 3 4 5 6 |  6.8
Dodging        | 3 4 5 6 |  6.1
Polearms       | 2 3 |  3.6

Action                   |  1- 3 |  4- 6 |  7- 9 || total
-------------------------+-------+-------+-------++-------
Melee: Hand axe          |     9 |     3 |       ||    12
       Headbutt          |     1 |     5 |       ||     6
       Scythe            |       |     9 |     2 ||    11
Invok: Berserk           |     2 |     2 |     1 ||     5
Armor: Ring mail         |       |     1 |     5 ||     6
Dodge: Dodged            |     7 |     5 |     3 ||    15
